 Dungeon Crawl Stone Soup version 0.22.1-2-g9c5b331383 (webtiles) character file.

22085 Jynx the Geomancer (level 12, -16/59 HPs)
             Began as a Gargoyle Earth Elementalist on Nov 17, 2018.
             Was a Believer of Ashenzari.
             Demolished by an ice devil (17 damage)
             ... on level 2 of the Lair of Beasts.
             The game lasted 00:40:25 (13697 turns).

Jynx the Geomancer (Gargoyle Earth Elementalist)   Turns: 13697, Time: 00:40:26

Health: -16/59     AC: 15    Str: 12    XL:     12   Next: 96%
Magic:  11/33      EV: 14    Int: 19    God:    Ashenzari [**....]
Gold:   710        SH:  0    Dex: 12    Spells: 9/28 levels left

rFire    . . .     SeeInvis .   s - +4 short sword (freeze) (curse)
rCold    . . .     Gourm    .   (no shield)
rNeg     + . .     Faith    .   c - +0 robe
rPois    ∞         Spirit   .   r - +0 helmet
rElec    +         Reflect  .   D - +2 cloak (curse)
rCorr    .         Harm     .   a - +0 pair of gloves
MR       .....                  (no boots)
Stlth    ++........             (no amulet)
HPRegen  0.19/turn              u - ring of magical power (curse)
MPRegen  0.23/turn              (no ring)

@: very slightly contaminated, studying Shields
A: negative energy resistance 1, electricity resistance, unbreathing,
petrification resistance, rot immunity, AC +8
a: Curse Item, Scrying, Renounce Religion


You were on level 2 of the Lair of Beasts.
You worshipped Ashenzari.
Ashenzari was pleased with you.
You were hungry.

You visited 3 branches of the dungeon, and saw 12 of its levels.
You also visited: Bailey.

You collected 710 gold pieces.

Inventory:

Hand Weapons
 s - a cursed +4 short sword of freezing (weapon)
Missiles
 b - 86 stones (quivered)
Armour
 a - a +0 pair of gloves (worn)
 c - a +0 robe (worn)
 r - a +0 helmet (worn)
 D - a cursed +2 cloak (worn)
Jewellery
 h - an uncursed amulet of rage
 i - an uncursed ring of ice
 u - a cursed ring of magical power (left hand)
 F - an uncursed amulet of the acrobat
Wands
 q - a wand of disintegration (14)
 y - a wand of polymorph (9)
 A - a wand of paralysis (2)
 B - a wand of digging (15)
Scrolls
 f - 2 scrolls of immolation
 l - 5 scrolls of enchant armour
 n - 9 scrolls of teleportation
 o - a scroll of remove curse
 p - 3 scrolls of fog
 t - 2 scrolls of magic mapping
Potions
 e - 5 potions of curing
 j - 2 potions of magic
 k - 4 potions of brilliance
 m - 2 potions of might
 v - 4 potions of lignification
 w - 2 potions of ambrosia
 x - a potion of flight {unknown}
 C - 3 potions of haste
 L - 2 potions of heal wounds {unknown}
Books
 E - a manual of Shields
Comestibles
 d - 19 rations


   Skills:
 - Level 8.1(10.4) Short Blades
 + Level 5.4 Dodging
 - Level 2.1 Stealth
 + Level 8.5 Spellcasting
 * Level 10.4 Conjurations
   Level 0.7 Transmutations
 * Level 8.8 Fire Magic
 - Level 11.2 Earth Magic


You had 9 spell levels left.
You knew the following spells:

 Your Spells              Type           Power        Failure   Level  Hunger
a - Sandblast             Erth           ######       1%          1    None
b - Mephitic Cloud        Conj/Pois/Air  ###.....     6%          3    None
c - Lee's Rapid Deconstr  Erth           ######....   2%          5    #####..
d - Fireball              Conj/Fire      #####.....   4%          5    #####..
e - Conjure Flame         Conj/Fire      #####...     1%          3    None
f - Call Imp              Summ           #.......     13%         2    None

Your spell library contained the following spells:

 Spells                   Type           Power        Failure   Level  Hunger
 Magic Dart               Conj           ####         1%          1    None
 Passwall                 Tmut/Erth      ####....     1%          2    None
 Stone Arrow              Conj/Erth      #####.       1%          3    None
 Beastly Appendage        Tmut           ##....       6%          1    None
 Ignite Poison            Fire/Tmut/Pois ###.....     7%          3    None
 Petrify                  Tmut/Erth      ####....     8%          4    ###....
 Sticks to Snakes         Tmut           ##......     10%         2    None
 Blink                    Tloc           N/A          13%         2    None
 Slow                     Hex            #.......     13%         2    None
 Spider Form              Tmut/Pois      #.........   22%         3    None
 Bolt of Fire             Conj/Fire      #####.....   26%         6    ######.
 Ice Form                 Ice/Tmut       #.......     58%         4    ###....
 Blade Hands              Tmut           ##........   87%         5    #####..
 Ring of Flames           Chrm/Fire      ###.......   100%        7    #######
 Ignition                 Fire           #####.....   100%        8    #######


Dungeon Overview and Level Annotations

Branches:
Dungeon (9/15)             Temple (1/1) D:5            Lair (2/6) D:8
  Swamp: Lair:2-4    Shoals: Lair:2-4     Snake: Lair:2-4    Spider: Lair:2-4
    Orc: D:9-12

Altars:
Ashenzari
Cheibriados
Dithmenos
Elyvilon
Fedhas
Gozag
Hepliaklqana
Kikubaaqudgha
Makhleb
Nemelex Xobeh
Okawaru
Qazlal
Ru
Sif Muna
Trog
Uskayaw
Vehumet
Xom
Yredelemnul
Zin
The Shining One

Annotations:
D:4 Pikel


Innate Abilities, Weirdness & Mutations

You are resistant to torment.
Your stone body is resilient. (AC +8)
You are immune to poison.
You resist negative energy. (rN+)
You are resistant to electric shocks. (rElec)
You can survive without breathing.
You are immune to petrification.
You are immune to rotting.


Message History

Press: ? - help, Shift-Dir - straight line, f/p - ice devil
Aim: an ice devil (almost dead)
The blast of sand hits the ice devil.
The ice devil is almost dead.
b - 87 stones The ice devil closely misses you.
The ice devil hits you. The ice devil freezes you!
* * * LOW HITPOINT WARNING * * *
Casting: Sandblast (safe; 1% risk of failure)
Confirm with . or Enter, or press ? or * to list all spells.
Aiming: Sandblast (safe; 1% risk of failure)
Press: ? - help, Shift-Dir - straight line, f/p - ice devil
Aim: an ice devil (almost dead)
The blast of sand hits the ice devil.
The ice devil is almost dead.
b - 86 stones The ice devil hits you.
* * * LOW HITPOINT WARNING * * *
The ice devil freezes you!
You die...

.......#..........##
#..........
.......#P........##
######.#.#.
..#.#.####.##..###
#..### ####..#
###..#.# #.## ##.#
#..#### #P.# ### ###
###.# *##.# #.##*
#.###### .#+.* ...#*
, , ###......##
..... ####
#.'.[4@...#* .....##
#
*.......#..4...+..#
.Y...P.
....##.+.......#
.Y..... *...,
####.$##.## ....#.
#* ###.### * . ##
#### ## * #..#
####..# #.##.## ###


You could see 2 ice devils.

Vanquished Creatures
  2 hydras (Lair:2)
  The ghost of BushDid911 the Covered, a novice HuFi of Makhleb (D:8)
  2 spiny frogs (Lair:1)
  2 rime drakes
  A komodo dragon (Lair:1)
  Grinder (D:5)
  5 blink frogs (Lair:1)
  2 hippogriffs
  16 yaks
  Eustachio (D:5)
  A wyvern (D:8)
  A basilisk (D:8)
  Menkaure (D:7)
  9 water moccasins
  Duvessa (D:5)
  5 porcupines
  11 orc warriors
  4 ice beasts
  3 sky beasts (D:8)
  A phantom (D:7)
  A slave (D:3)
  3 black bears
  4 ogres (D:8)
  9 centaurs
  A wolf (D:8)
  7 crocodiles
  Blork the orc (D:4)
  2 big kobolds
  5 bullfrogs
  Dowan (D:5)
  A gnoll sergeant (D:8)
  2 scorpions
  3 killer bees (D:7)
  A howler monkey (D:4)
  8 wights
  6 electric eels (D:6)
  2 centaur zombies (D:7)
  A hound (D:5)
  A quasit (D:6)
  A bullfrog zombie (D:8)
  3 crimson imps
  A jelly (D:7)
  An orc priest (D:5)
  Crazy Yiuf (D:5)
  2 orc wizards
  Ijyb (D:5)
  2 bullfrog skeletons
  Natasha (twice) (D:2)
  3 iguanas
  3 worker ants
  A hound skeleton (D:6)
  Robin (D:2)
  10 adders
  7 gnolls
  A shadow imp (D:6)
  An adder zombie (D:5)
  2 adder skeletons
  5 worms
  4 dart slugs
  5 leopard geckos
  32 orcs
  A ball python (D:3)
  A giant cockroach (D:8)
  13 goblins
  10 hobgoblins
  6 jackals
  3 quokkas
  10 bats
  5 frilled lizards
  2 jackal skeletons (D:4)
  16 kobolds
  A leopard gecko skeleton (D:4)
  A leopard gecko zombie (D:5)
  A quokka zombie (D:6)
  6 rats
  A fungus (Lair:2)
295 creatures vanquished.

Vanquished Creatures (others)
  A goblin (D:1)
  A fungus (Lair:2)
2 creatures vanquished.

Grand Total: 297 creatures vanquished

Notes
Turn   | Place    | Note
-------+----------+-------------------------------------------
     0 | D:1      | Jynx the Gargoyle Earth Elementalist began the quest for
                  | the Orb.
     0 | D:1      | Reached XP level 1. HP: 10/10 MP: 3/3
    82 | D:1      | Reached skill level 4 in Earth Magic
    95 | D:1      | Reached XP level 2. HP: 10/15 MP: 1/5
   722 | D:1      | Reached XP level 3. HP: 18/19 MP: 6/6
   932 | D:2      | Reached skill level 1 in Short Blades
  1003 | D:2      | Noticed Natasha
  1012 | D:2      | Killed Natasha
  1012 | D:2      | Reached XP level 4. HP: 15/24 MP: 0/7
  1192 | D:2      | Noticed Natasha
  1198 | D:2      | Killed Natasha
  1198 | D:2      | Reached skill level 5 in Earth Magic
  1283 | D:2      | Found a shadowy altar of Dithmenos.
  1286 | D:2      | Noticed Robin
  1513 | D:2      | Reached XP level 5. HP: 27/28 MP: 7/9
  1575 | D:2      | Killed Robin
  1703 | D:2      | Found a radiant altar of Vehumet.
  2228 | D:3      | Learned a level 3 spell: Mephitic Cloud
  2429 | D:3      | Found a sacrificial altar of Ru.
  2592 | D:3      | Found an iron altar of Okawaru.
  2798 | D:3      | Found a snail-covered altar of Cheibriados.
  2801 | D:3      | Reached skill level 1 in Conjurations
  3458 | D:4      | Noticed a slave
  3459 | D:4      | Noticed a slave
  3460 | D:4      | Reached XP level 6. HP: 24/32 MP: 7/10
  3460 | D:4      | Noticed Pikel
  3565 | D:3      | Killed a slave
  3798 | D:4      | Noticed Blork the orc
  3804 | D:4      | Killed Blork the orc
  3804 | D:4      | Reached skill level 6 in Earth Magic
  4563 | D:5      | Entered Level 5 of the Dungeon
  4563 | D:5      | Noticed Ijyb
  4566 | D:5      | Paralysed by Ijyb for 7 turns
  4586 | D:5      | Killed Ijyb
  4820 | D:5      | Noticed Grinder
  4821 | D:5      | Paralysed by Grinder for 6 turns
  4834 | D:5      | Killed Grinder
  4834 | D:5      | Reached XP level 7. HP: 31/36 MP: 12/12
  4906 | D:5      | Noticed Dowan
  4909 | D:5      | Noticed Duvessa
  5122 | D:5      | Reached skill level 7 in Earth Magic
  5122 | D:5      | Reached XP level 8. HP: 18/41 MP: 10/13
  5328 | D:4      | Learned a level 5 spell: Lee's Rapid Deconstruction
  5394 | D:5      | Noticed Eustachio
  5453 | D:5      | Killed Eustachio
  5732 | D:5      | Reached skill level 5 in Short Blades
  5732 | D:5      | Reached skill level 8 in Earth Magic
  5777 | D:5      | Killed Duvessa
  5784 | D:5      | Killed Dowan
  5982 | D:5      | Found a runed door.
  6079 | D:5      | Found a staircase to the Ecumenical Temple.
  6089 | Temple   | Entered the Ecumenical Temple
  6099 | Temple   | Became a worshipper of Ashenzari the Shackled
  6166 | D:5      | Found an ancient bone altar of Kikubaaqudgha.
  6167 | D:5      | Found a blossoming altar of Fedhas.
  6315 | D:5      | Noticed Crazy Yiuf
  6318 | D:5      | Killed Crazy Yiuf
  6429 | D:6      | Reached XP level 9. HP: 32/45 MP: 15/15
  6494 | D:6      | Found a glowing silver altar of Zin.
  6671 | D:6      | Reached skill level 9 in Earth Magic
  7132 | D:6      | Reached skill level 5 in Spellcasting
  7413 | D:6      | Found a hide-covered altar of Uskayaw.
  7770 | D:6      | Learned a level 5 spell: Fireball
  7859 | D:7      | Found a flagged portal.
  8039 | Bailey   | Entered a bailey
  8043 | Bailey   | Reached skill level 10 in Earth Magic
  8503 | Bailey   | Reached XP level 10. HP: 39/50 MP: 14/18
  8657 | Bailey   | Reached skill level 11 in Earth Magic
  9455 | D:7      | Found a basalt altar of Yredelemnul.
  9590 | D:7      | Noticed a gargoyle
  9872 | D:7      | Noticed Menkaure
  9877 | D:7      | Killed Menkaure
  9877 | D:7      | Reached skill level 1 in Fire Magic
 10018 | D:7      | Learned a level 3 spell: Conjure Flame
 10232 | D:8      | Reached skill level 5 in Conjurations
 10254 | D:8      | Reached * piety under Ashenzari
 10427 | D:8      | Found a staircase to the Lair.
 10669 | D:8      | Reached XP level 11. HP: 54/54 MP: 21/21
 10771 | D:8      | Found a bloodstained altar of Trog.
 11163 | D:8      | Found a runed door.
 11164 | D:8      | Noticed BushDid911's ghost (novice HuFi)
 11412 | D:8      | Reached XP level 12. HP: 59/59 MP: 23/23
 11416 | D:8      | Learned a level 2 spell: Call Imp
 11500 | D:8      | Killed BushDid911's ghost
 11831 | Lair:1   | Entered Level 1 of the Lair of Beasts
 12303 | Lair:1   | Found a labyrinth entrance.
 12422 | Lair:1   | HP: 2/59 [komodo dragon (19)]
 12914 | Lair:2   | Noticed a six-headed hydra
 12921 | Lair:2   | Killed a six-headed hydra
 12921 | Lair:2   | Reached skill level 5 in Dodging
 12970 | Lair:2   | Reached skill level 10 in Conjurations
 13100 | Lair:2   | Reached ** piety under Ashenzari
 13110 | Lair:2   | Noticed a four-headed hydra
 13117 | Lair:2   | Killed a four-headed hydra
 13317 | Lair:2   | Found a glowing golden altar of the Shining One.
 13697 | Lair:2   | HP: 1/59 [ice devil (4)]
 13697 | Lair:2   | Demolished by an ice devil

Skill      XL: |  1  2  3  4  5  6  7  8  9 10 11 12 |
---------------+-------------------------------------+-----
Earth Magic    | 4 5 6 7 8 10 11 | 11.2
Short Blades   | 1 2 3 4 5 7 8 |  8.1
Conjurations   | 1 3 6 8 10 | 10.4
Spellcasting   | 3 4 5 6 7 8 |  8.5
Fire Magic     | 3 6 8 |  8.8
Dodging        | 2 4 5 |  5.4
Stealth        | |  2.1
Transmutations | |  0.7

Action                   |  1- 3 |  4- 6 |  7- 9 | 10-12 || total
-------------------------+-------+-------+-------+-------++-------
Melee: Unarmed           |    14 |       |       |       ||    14
       Short sword       |    44 |   183 |   153 |   290 ||   670
 Cast: Sandblast         |    18 |    66 |   143 |   150 ||   377
       Mephitic Cloud    |       |       |    15 |    16 ||    31
       Lee's Rapid Decon |       |       |     1 |    15 ||    16
       Conjure Flame     |       |       |       |     8 ||     8
       Fireball          |       |       |       |    17 ||    17
       Call Imp          |       |       |       |     1 ||     1
Invok: Curse Item        |       |       |     2 |     1 ||     3
  Use: Scroll            |       |     3 |     5 |    16 ||    24
       Potion            |       |       |       |     3 ||     3
 Stab: Sleeping          |     2 |    11 |     1 |     3 ||    17
       Confused          |       |       |     2 |     2 ||     4
       Invisible         |       |       |       |     3 ||     3
  Eat: Chunk             |     1 |     8 |    10 |    15 ||    34
       Ration            |       |     1 |     1 |     3 ||     5
Armor: Robe              |    27 |   100 |   103 |   142 ||   372
Dodge: Dodged            |    39 |   162 |   144 |   198 ||   543
